 Dungeon Crawl Stone Soup version 0.30-a0-121-gb27577e5d9 (webtiles) character file.

Game seed: 5989932002048981393

113 ragingrage the Sneak (level 5, 0/30 HPs)
             Began as a Kobold Brigand on Sept 14, 2022.
             Was a Believer of Fedhas.
             Slain by an orc
             ... wielding a +0 mace
              (7 damage)
             ... on level 3 of the Dungeon.
             The game lasted 00:02:17 (2193 turns).

ragingrage the Sneak (Kobold Brigand)               Turns: 2193, Time: 00:02:18

Health: 0/30       AC:  2    Str:  9    XL:     5   Next: 17%
Magic:  2/5        EV: 14    Int: 12    God:    Fedhas [**....]
Gold:   71         SH:  0    Dex: 18    Spells: 4/4 levels left

rFire   + . .      SeeInvis .    k - +0 short sword (venom)
rCold   . . .      Faith    .    (no shield)
rNeg    . . .      Spirit   .    b - +0 robe
rPois   .          Reflect  .    (no helmet)
rElec   .          Harm     .    f - scarf {repulsion}
rCorr   .          Rampage  .    (no gloves)
Will    .....                    (no boots)
Stlth   +++++.....               (no amulet)
HPRegen 0.10/turn                o - ring of protection from fire
MPRegen 0.09/turn                (no ring)

@: repel missiles
A: small, no large weapons, nightstalker 3
a: Renounce Religion, Wall of Briars


You were on level 3 of the Dungeon.
You worshipped Fedhas.
Fedhas was pleased with you.
You visited 1 branch of the dungeon, and saw 3 of its levels.

You collected 146 gold pieces.
You spent 75 gold pieces at shops.

Inventory:

Hand Weapons
 a - a +2 dagger
 k - a +0 short sword of venom (weapon)
Missiles
 d - 9 poisoned darts
 e - 3 curare-tipped darts (quivered)
Armour
 b - a +0 robe (worn)
 f - a scarf of repulsion (worn)
Jewellery
 o - a ring of protection from fire (left hand)
Wands
 r - a wand of flame (9)
Scrolls
 g - a scroll of enchant weapon {unknown}
 l - a scroll of identify {unknown}
 m - a scroll of fog {unknown}
 p - 2 scrolls of enchant armour {unknown}
 q - a scroll of blinking
Potions
 h - a potion of cancellation {unknown}
 i - a potion of mutation {unknown}
 j - a potion of flight
 n - a potion of curing {unknown}


   Skills:
 - Level 2.1 Fighting
 + Level 4.3 Short Blades
 + Level 3.6 Throwing
 - Level 1.2 Dodging
 + Level 6.5 Stealth


You had 4 spell levels left.
You didn't know any spells.
Your spell library was empty.

Dungeon Overview and Level Annotations

Branches:
Dungeon (3/15)

Altars:
Fedhas
Nemelex Xobeh

Shops:
D:2 ?

Annotations:
D:2 Sigmund


Innate Abilities, Weirdness & Mutations

You are small and have problems with some larger weapons.
You are completely attuned to the shadows.


Message History

Your punch misses the orc priest.
The orc priest is severely wounded.
The orc priest looks satisfied for a moment.
You closely miss the orc priest.
The orc priest is severely wounded.
The orc closely misses you.
The orc priest invokes the aid of Beogh against you.
Beogh smites you!
You are too injured to fight recklessly!
You are too injured to fight recklessly!
You are too injured to fight recklessly!
You are too injured to fight recklessly!
You are too injured to fight recklessly!
You are too injured to fight recklessly!
You are too injured to fight recklessly!
You are too injured to fight recklessly!
You are too injured to fight recklessly!
You are too injured to fight recklessly!
You are too injured to fight recklessly!
You are too injured to fight recklessly!
You are too injured to fight recklessly!
You hit the orc.
The orc is poisoned.
The orc is moderately wounded.
The orc priest calls down the wrath of Beogh upon you.
Beogh smites you!
* * * LOW HITPOINT WARNING * * *
You hit the orc priest.
The orc priest looks as sick as possible!
The orc priest is almost dead.
A ball python comes into view.
A briar patch grows up from the ground. x5; The orc priest closely misses you.
The orc closely misses you. x2
You hit the orc.
You kill the orc!
Fedhas appreciates your contribution to the ecosystem.
You kill the orc priest!
Fedhas appreciates your contribution to the ecosystem.
The orc hits you with a +0 mace!
You die...
Fedhas appreciates your contribution to the ecosystem.

......#
#.....#
#.....#
#....†#
#.....###
####........
...PPP......
.S.)@P......
...o)P.>....
........#####
....##......#
.... #......+
#....).#
#..[...#
##......#
....†...#


You could see an orc and a ball python.

Vanquished Creatures
  An orc priest (D:3)
  Terence (D:2)
  Jessica (D:2)
  2 adders (D:2)
  A worm (D:3)
  A dart slug (D:1)
  An orc (D:3)
  A ball python (D:1)
  2 endoplasms
  3 giant cockroaches
  3 goblins
  3 hobgoblins
  4 quokkas
  4 bats
  3 frilled lizards
  6 kobolds
  5 rats
42 creatures vanquished.

Notes
Turn   | Place    | Note
-------+----------+-------------------------------------------
     0 | D:1      | ragingrage the Kobold Brigand began the quest for the Orb.
     0 | D:1      | Reached XP level 1. HP: 12/12 MP: 1/1
   228 | D:1      | Reached XP level 2. HP: 15/17 MP: 2/2
   276 | D:1      | Found a faded altar of an unknown god.
   392 | D:1      | Prayed at the altar of an unknown god.
   392 | D:1      | Became a worshipper of Fedhas Madash
   392 | D:1      | Reached * piety under Fedhas
  1077 | D:1      | Reached XP level 3. HP: 21/21 MP: 3/3
  1139 | D:2      | Found Boluh's Magic Scroll Shoppe.
  1144 | D:2      | Bought a scroll of blinking for 75 gold pieces
  1148 | D:2      | Noticed Jessica
  1152 | D:2      | Killed Jessica
  1153 | D:2      | Reached skill level 6 in Stealth
  1155 | D:2      | Reached XP level 4. HP: 26/26 MP: 4/4
  1261 | D:2      | Noticed Terence
  1267 | D:2      | Killed Terence
  1269 | D:2      | Reached ** piety under Fedhas
  1466 | D:2      | Reached XP level 5. HP: 30/30 MP: 5/5
  1549 | D:2      | Found a sparkling altar of Nemelex Xobeh.
  1563 | D:2      | Noticed Sigmund
  2193 | D:3      | Slain by an orc

Illustrated notes

Levels and vault maps discovered:
D:1:      heliophobic_arrival_henge, layout_basic,
          hellmonk_ecumenical_altar_defaced_shrine, chequers_hall_statues_y
D:2:      layout_basic, basic_altar, serial_shops, shop, solitary_fountain,
          uniq_sigmund, uniq_jessica, uniq_terence
D:3:      layout_basic, minitemple, lemuel_crystal_altar, roderic_batcave,
          minmay_mini_jars

Skill      XL: |  1  2  3  4 |
---------------+-------------+-----
Short Blades   | 3 4 |  4.3
Throwing       | 3 |  3.6
Stealth        | 6 |  6.5
Fighting       | |  2.1
Dodging        | |  1.2

Action                   |  1- 3 |  4- 6 || total
-------------------------+-------+-------++-------
Melee: Dagger            |    17 |       ||    17
       Short sword       |    13 |    55 ||    68
       Punch             |       |     3 ||     3
Invok: Wall of Briars    |       |     1 ||     1
  Use: Potion            |       |     2 ||     2
 Stab: Sleeping          |    17 |     8 ||    25
       Distracted        |       |     1 ||     1
Armor: Robe              |     2 |     7 ||     9
Dodge: Dodged            |     8 |    43 ||    51

Table legend: (Time is in decaauts)
 A = Elapsed time spent in this place.
 B = Non-inter-level travel time spent in this place.
 C = Inter-level travel time spent in this place.
 D = Time resting spent in this place.
 E = Time spent auto-exploring this place.
 F = Levels seen in this place.
 G = Mean time per level.
                   A        B        C        D        E       F      G
               +--------+--------+--------+--------+--------+-----+--------+
         Total |   2176 |   2078 |     98 |    362 |   1394 |   3 |  725.3 |
       Dungeon |   2176 |   2078 |     98 |    362 |   1394 |   3 |  725.3 |
               +--------+--------+--------+--------+--------+-----+--------+

Top non-repeatable levels by time:
     D:1: 1370 daAuts
     D:2: 714 daAuts
     D:3: 91 daAuts
